AoeStats
← kaar

Black Forest

509637829Analyzed
4v4 RM · 6d ago on Sep 27, 2026· 44m 15s· 8 players
Game mode
Random Map
Map size
Large (8 player)
Population
200
Speed
Normal
Resources
Standard
Victory
Conquest
Starting age
Dark Age
Ending age
Imperial Age
RankedLock teamsTeams togetherTeam positionsShared explorationLock speedFull tech treeHidden civsTurbo modeCheats
Victory
Defeat
🇨🇳 Italians · China
1327
+14
🇮🇳 Celts · India
1258
+17
🇻🇳 Persians · Vietnam
1234
+18
🇨🇳 Persians · China
1209
+18
🇨🇳 Goths · China
1315
-18
🇹🇼 Persians · Taiwan
1293
-19
🇹🇼 Goths · Taiwan
1265
-16
🇧🇷 Khmer · Brazil
1216
-14
kaar
1:01 Loom
12:52 Feudal Age
14:22 Double-Bit Axe
17:50 Castle Age
16:19 Scale Mail Armor
16:32 Forging
16:34 Horse Collar
16:41 Man-at-Arms
18:50 Bow Saw
20:38 Heavy Plow
22:52 Long Swordsman
24:46 Scale Mail Armor
26:30 Chain Mail Armor
30:04 Iron Casting
30:57 Wheelbarrow
34:52 Imperial Age
33:35 Town Watch
35:59 Hand Cart
35:40 Gold Mining
35:43 Stone Mining
36:57 Plate Mail Armor
35:50 Capped Ram
36:26 Arson
36:27 Gambesons
38:55 Blast Furnace
37:19 Two-Handed Swordsman
42:09 Pikeman
43:36 Guilds
43:50 Halberdier
别那么骚
11:04 Feudal Age
14:41 Castle Age
13:37 Horse Collar
13:45 Double-Bit Axe
15:34 Loom
16:28 Wheelbarrow
19:42 Bow Saw
20:40 Heavy Plow
21:11 Loom
22:03 Stone Mining
23:37 Bloodlines
26:03 Scale Barding Armor
28:41 Hand Cart
29:18 Husbandry
29:39 Chain Barding Armor
29:30 Forging
33:14 Imperial Age
33:08 Iron Casting
33:11 Scale Mail Armor
35:06 Conscription
35:53 Citadels
35:43 Kamandaran
36:46 Blast Furnace
36:22 Plate Barding Armor
35:09 Cavalier
36:27 Pikeman
37:08 Squires
36:53 Gambesons
37:23 Gold Mining
38:11 Stone Shaft Mining
38:10 Crop Rotation
39:06 Gold Shaft Mining
38:30 Heavy Camel Rider
40:07 Chain Mail Armor
41:51 Padded Archer Armor
41:41 Fletching
42:31 Hoardings
43:21 Plate Mail Armor
43:07 Leather Archer Armor
45:34 Chemistry
44:54 Ballistics
Vĩnh Nguyễn HCMCity
12:28 Feudal Age
10:46 Loom
16:28 Castle Age
18:02 Double-Bit Axe
18:00 Horse Collar
18:22 Gold Mining
20:00 Bow Saw
24:15 Stone Mining
31:10 Imperial Age
31:03 Wheelbarrow
31:16 Gold Shaft Mining
31:25 Stone Shaft Mining
31:58 Hand Cart
32:53 Conscription
34:12 Caravan
34:47 Elite War Elephant
35:38 Scale Barding Armor
36:15 Bloodlines
37:29 Chain Barding Armor
38:06 Forging
40:31 Plate Barding Armor
40:32 Iron Casting
40:01 Husbandry
44:01 Blast Furnace
你好骚啊
5:19 Loom
12:07 Feudal Age
16:19 Castle Age
14:18 Double-Bit Axe
15:03 Fletching
30:24 Horse Collar
33:26 Wheelbarrow
34:00 Bow Saw
34:49 Scale Mail Armor
35:42 Squires
35:28 Arson
35:25 Pikeman
36:35 Bodkin Arrow
37:12 Pikeman
37:37 Arson
39:53 Hand Cart
43:14 Imperial Age
41:12 Gold Mining
41:12 Stone Mining
43:36 Ballistics
45:21 Chemistry
45:21 Stone Shaft Mining
lan9892
10:31 Feudal Age
15:26 Castle Age
17:20 Double-Bit Axe
22:27 Loom
23:22 Wheelbarrow
23:49 Horse Collar
26:37 Hand Cart
27:37 Heavy Plow
27:53 Bow Saw
30:43 Imperial Age
28:22 Scale Barding Armor
29:52 Husbandry
30:03 Bloodlines
30:20 Town Watch
31:22 Chain Barding Armor
30:37 Cavalier
31:20 Gold Mining
32:01 Forging
32:56 Two-Man Saw
32:39 Plate Barding Armor
32:34 Savar
34:16 Crop Rotation
34:30 Gold Shaft Mining
34:55 Iron Casting
36:48 Blast Furnace
hgsteven
0:40 Loom
12:25 Feudal Age
12:33 Man-at-Arms
19:29 Fletching
21:22 Forging
22:29 Scale Mail Armor
26:00 Castle Age
27:46 Wheelbarrow
26:44 Pikeman
27:49 Stone Mining
30:21 Town Watch
31:59 Bodkin Arrow
34:04 Double-Bit Axe
35:57 Horse Collar
39:16 Bow Saw
43:11 Hand Cart
会做梦的懒猪
1:05 Loom
12:48 Feudal Age
14:05 Feudal Age
17:49 Castle Age
15:48 Double-Bit Axe
15:46 Horse Collar
19:23 Wheelbarrow
19:20 Bow Saw
23:32 Hand Cart
26:42 Pikeman
27:22 Squires
tony.li
7:32 Loom
12:08 Feudal Age
Connection lost

Rejoining the realm…

Still unreachable

The connection could not be restored.

Session expired

The server has moved on; the page needs a fresh start.